 Dungeon Crawl Stone Soup version 0.18.1-6-gd335043 (webtiles) character file.

291 Jerry the Shield-Bearer (level 6, 0/47 HPs)
             Began as a Formicid Fighter on May 16, 2016.
             Succumbed to an orc wizard's poison
             ... on level 3 of the Dungeon.
             The game lasted 00:10:04 (2727 turns).

Jerry the Shield-Bearer (Formicid Fighter)          Turns: 2727, Time: 00:10:04

Health: 0/47       AC: 10    Str: 26    XL:     6   Next: 58%
Magic:  6/6        EV:  8    Int:  8    God:
Gold:   118        SH: 10    Dex: 11    Spells: 0 memorised, 5 levels left

rFire  . . .     SeeInvis +     a - +0 flail
rCold  . . .     Gourm    +     b - +0 scale mail
rNeg   . . .     Faith    .     c - +0 shield
rPois  .         Spirit   .     (helmet unavailable)
rElec  .         Dismiss  .     (no cloak)
rCorr  .         Reflect  .     (no gloves)
SustAt .         Harm     .     i - +0 pair of boots
MR     .....     Clarity  +     l - amulet of the gourmand
Stlth  ..........               (no ring)
                                (no ring)

@: mighty, lethally poisoned (0 -> -6), not resistant to hostile enchantments,
extremely unstealthy
A: permanent stasis, dig shafts and tunnels, four strong arms, antennae 3,
yellow scales 1, blurry vision 1, clarity
a: Dig, Shaft Self


You were on level 3 of the Dungeon.
You were very full.

You visited 1 branch of the dungeon, and saw 3 of its levels.

You collected 118 gold pieces.

Inventory:

Hand Weapons
 a - a +0 flail (weapon)
Missiles
 q - 2 throwing nets (quivered)
Armour
 b - a +0 scale mail (worn)
 c - a +0 shield (worn)
 i - a +0 pair of boots (worn)
Jewellery
 l - an amulet of the gourmand (around neck)
 u - an uncursed ring of fire {unknown}
Scrolls
 d - a scroll of enchant weapon {unknown}
 e - a scroll of fog {unknown}
 g - a scroll of immolation {unknown}
 j - 3 scrolls of identify {unknown}
 k - a scroll of remove curse {unknown}
 r - a scroll of random uselessness {unknown}
 s - a scroll of recharging {unknown}
Potions
 m - a potion of curing {unknown}
 n - a potion of mutation
 v - a potion of heal wounds {unknown}
 w - a potion of resistance {unknown}
Books
 o - a Fen Folio

   Spells                             Type                      Level
   a - Corpse Rot                     Necromancy                   2
   b - Stone Arrow                    Conjuration/Earth            3
   c - Leda's Liquefaction            Hexes/Earth                  4
   d - Summon Forest                  Summoning/Translocation      5
   e - Hydra Form                     Transmutation                6
   f - Summon Hydra                   Summoning                    7
Comestibles
 f - 3 bread rations
 h - a slice of pizza
 p - 2 chunks of flesh


   Skills:
 - Level 3.2 Fighting
 + Level 3.8 Maces & Flails
 + Level 5.3 Armour
 + Level 5.6 Shields


You had 5 spell levels left.
You didn't know any spells.

Dungeon Overview and Level Annotations

Branches:
Dungeon (3/15)

Altars:
Ru
Sif Muna


Innate Abilities, Weirdness & Mutations

You are under a permanent stasis effect.
You can dig through walls and to a lower floor.
Your four strong arms can wield two-handed weapons with a shield.
You have a pair of large antennae on your head (SInv).
You are partially covered in yellow scales (AC +2).
Scrolls take you a little longer to read.
You possess an exceptional clarity of mind.


Message History

The orc wizard is almost dead.
The orc wizard hits you but does no damage.
You are lethally poisoned!
The orc wizard points at you and mumbles some strange words.
The puff of flame hits you!
You barely miss the orc wizard.
The orc wizard is almost dead.
* * * LOW HITPOINT WARNING * * *
You feel sick.
The orc wizard hits you but does no damage.
You thump the orc wizard!
You kill the orc wizard!
* * * LOW HITPOINT WARNING * * *
You feel sick.
Drink which item? (? for menu, Esc to quit)
It was a potion of mutation.
You feel extremely strange.
Your thoughts seem clearer.
Yellow scales grow over part of your body.
Your vision blurs.
You die...

#.# #.# #.# {
#)# #)# { #.# ..
#.###
.o..########...#
........)@...#.#
######.####.#.#
#.....# #[#.#
#.###.# #.#.#
#.###.###.#.#
#.........#.#
#####.#####.###
#.#.......#
#...###.#.######


There were no monsters in sight!

Vanquished Creatures
  An orc priest (D:3)
  An orc wizard (D:3)
  14 gnolls
  3 adders
  A worm (D:3)
  4 dart slugs
  A giant gecko (D:3)
  3 orcs (D:3)
  2 giant cockroaches
  7 goblins
  4 hobgoblins
  5 jackals
  2 quokkas (D:3)
  7 bats
  7 giant newts
  6 kobolds
  4 rats
72 creatures vanquished.

Notes
Turn   | Place    | Note
--------------------------------------------------------------
     0 | D:1      | Jerry the Formicid Fighter began the quest for the Orb.
     0 | D:1      | Reached XP level 1. HP: 18/18 MP: 1/1
   114 | D:1      | Reached XP level 2. HP: 20/24 MP: 2/2
   584 | D:1      | Reached XP level 3. HP: 29/29 MP: 3/3
  1182 | D:2      | Reached XP level 4. HP: 27/35 MP: 4/4
  1392 | D:2      | Found a sacrificial altar of Ru.
  1484 | D:2      | Reached XP level 5. HP: 41/41 MP: 5/5
  1492 | D:2      | Reached skill level 5 in Shields
  1969 | D:2      | Found a deep blue altar of Sif Muna.
  2221 | D:3      | Reached XP level 6. HP: 47/47 MP: 6/6
  2323 | D:3      | Reached skill level 5 in Armour
  2720 | D:3      | HP: 2/47 [orc priest/short sword (1)]
  2725 | D:3      | HP: 2/47 [poisoned by an orc wizard]
  2727 | D:3      | Gained mutation: You possess an exceptional clarity of mind. [potion of mutation]
  2727 | D:3      | Gained mutation: You are partially covered in yellow scales (AC +2). [potion of mutation]
  2727 | D:3      | Gained mutation: Scrolls take you a little longer to read. [potion of mutation]
  2727 | D:3      | Succumbed to an orc wizard's poison

Skill      XL: |  1  2  3  4  5  6 |
---------------+-------------------+-----
Shields        | 4 5 |  5.6
Armour         | 4 5 |  5.3
Maces & Flails | 3 |  3.8
Fighting       | |  3.2

Action                   |  1- 3 |  4- 6 || total
-------------------------+-------+-------++-------
Melee: Flail             |   128 |   153 ||   281
 Abil: Dig               |     3 |     3 ||     6
  Use: Potion            |     1 |     3 ||     4
  Eat: Chunk             |     9 |     8 ||    17
Armor: Scale mail        |    71 |    52 ||   123
Dodge: Dodged            |    55 |    38 ||    93
Block: Shield            |    81 |    71 ||   152
